 Dungeon Crawl Stone Soup version 0.23.0-3-gf3c87f2 (webtiles) character file.

Game seed: 13455318304883646795

2099 xccam the Ducker (level 9, 0/69 HPs)
             Began as a Gnoll Wanderer on Feb 20, 2019.
             Slain by a yak (10 damage)
             ... on level 6 of the Dungeon.
             The game lasted 00:09:27 (6390 turns).

xccam the Ducker (Gnoll Wanderer)                   Turns: 6390, Time: 00:09:28

Health: 0/69       AC:  9    Str: 16    XL:     9   Next: 28%
Magic:  15/15      EV: 12    Int: 18    God:
Gold:   292        SH:  0    Dex: 13    Spells: 16/16 levels left

rFire    . . .     SeeInvis .   C - +0 falchion (venom)
rCold    . . .     Gourm    .   (no shield)
rNeg     . . .     Faith    .   A - +0 scale mail
rPois    .         Spirit   .   k - +0 helmet
rElec    .         Reflect  .   l - +0 cloak
rCorr    .         Harm     .   (no gloves)
MR       .....                  (no boots)
Stlth    ++........             x - amulet of regeneration
HPRegen  0.61/turn              (no ring)
MPRegen  0.14/turn              (no ring)

@: no status effects
A: distributed training, fangs 1, strong nose
a: no special abilities


You were on level 6 of the Dungeon.
You were not hungry.

You visited 2 branches of the dungeon, and saw 7 of its levels.

You collected 292 gold pieces.

Inventory:

Hand Weapons
 C - a +0 falchion of venom (weapon)
Armour
 k - a +0 helmet (worn)
 l - a +0 cloak (worn)
 A - a +0 scale mail (worn)
Jewellery
 x - an amulet of regeneration (around neck)
Wands
 a - a wand of enslavement (15)
 e - a wand of flame (7)
 s - a wand of acid (2)
 z - a wand of random effects (19)
Scrolls
 g - 4 scrolls of fog {unknown}
 h - 3 scrolls of identify {unknown}
 i - 4 scrolls of magic mapping {unknown}
 m - 2 scrolls of blinking {unknown}
 o - 2 scrolls of fear {unknown}
 q - a scroll of remove curse {unknown}
 r - 5 scrolls of teleportation {unknown}
 t - 2 scrolls of immolation {unknown}
 v - a scroll of enchant armour {unknown}
 y - a scroll of noise {unknown}
Potions
 b - 3 potions of lignification
 d - a potion of heal wounds
 j - 2 potions of flight {unknown}
 n - a potion of brilliance {unknown}
 p - a potion of curing {unknown}
 u - a potion of agility {unknown}
 w - 2 potions of mutation {unknown}
Comestibles
 f - 9 rations


   Skills:
 + Level 6.1 Fighting
 + Level 6.1 Short Blades
 + Level 4.8 Long Blades
 + Level 4.0 Axes
 + Level 4.0 Maces & Flails
 + Level 4.0 Polearms
 + Level 4.0 Staves
 + Level 4.0 Slings
 + Level 4.0 Bows
 + Level 4.0 Crossbows
 + Level 4.0 Throwing
 + Level 4.0 Armour
 + Level 6.1 Dodging
 + Level 5.9 Stealth
 + Level 4.0 Shields
 + Level 4.0 Unarmed Combat
 + Level 4.0 Spellcasting
 + Level 3.3 Conjurations
 + Level 3.3 Hexes
 + Level 3.3 Charms
 + Level 3.3 Summonings
 + Level 3.3 Necromancy
 + Level 3.3 Translocations
 + Level 3.3 Transmutations
 + Level 3.3 Fire Magic
 + Level 3.3 Ice Magic
 + Level 3.3 Air Magic
 + Level 3.3 Earth Magic
 + Level 3.3 Poison Magic
 + Level 4.4 Invocations
 + Level 4.8 Evocations


You had 16 spell levels left.
You didn't know any spells.
Your spell library was empty.

Dungeon Overview and Level Annotations

Branches:
Dungeon (6/15)             Temple (1/1) D:4

Altars:
Ashenzari
Dithmenos
Elyvilon
Gozag
Hepliaklqana
Kikubaaqudgha
Makhleb
Nemelex Xobeh
Okawaru
Ru
Sif Muna
Trog
Uskayaw
Vehumet
Xom
Zin
The Shining One


Innate Abilities, Weirdness & Mutations

Your experience applies equally to all skills.
You have very sharp teeth.
Your uncanny sense of smell can sniff out nearby items.


Message History

* * * LOW HITPOINT WARNING * * *
You hit the yak but do no damage.
The yak looks as sick as possible!
The yak is moderately wounded.
The yak gores you but does no damage.
You barely miss the yak.
The yak is moderately wounded.
The yak gores you but does no damage.
You hit the yak.
The yak looks as sick as possible!
The yak is heavily wounded.
The yak misses you.
You riposte.
You hit the yak but do no damage.
The yak looks as sick as possible!
The yak is heavily wounded.
You hit the yak.
The yak is severely wounded.
The yak gores you.
* * * LOW HITPOINT WARNING * * *
You barely miss the yak.
The yak is severely wounded.
The yak gores you!
You die...

#####.##.# #.#
.........# #.#
.###.###.# #.# .#
#.# #.#####.#.#
.###+###.......#.#
...+ +...#######†#
.### ###..>....#.#
.# #..####.#Y#
.#######..# #.#@#
..........####.#.#
###..#..#........#
#.....######.###
####.## #.# #. ..#
## ####


You could see a yak.

Vanquished Creatures
  5 yaks (D:6)
  An ice beast (D:5)
  A sky beast (D:6)
  A centaur (D:6)
  3 bullfrogs
  A scorpion (D:5)
  2 crimson imps
  5 hounds
  4 orc wizards
  An orc priest (D:6)
  A bullfrog skeleton (D:5)
  4 iguanas
  Jessica (D:2)
  4 worker ants
  A worker ant zombie (D:6)
  9 gnolls
  3 adders
  2 shadow imps
  3 oozes
  2 worms (D:4)
  2 dart slugs
  4 leopard geckos
  18 orcs
  2 bats (D:1)
  4 giant cockroaches
  10 goblins
  11 hobgoblins
  7 jackals
  A quokka (D:3)
  2 ball pythons
  6 frilled lizards
  7 kobolds
  7 rats
135 creatures vanquished.

Notes
Turn   | Place    | Note
-------+----------+-------------------------------------------
     0 | D:1      | xccam the Gnoll Wanderer began the quest for the Orb.
     0 | D:1      | xccam set off with the following items: a wand of
                  | enslavement (15), a potion of lignification, a +0 falchion,
                  | a +0 robe, a +0 dagger, a ration
     0 | D:1      | Reached XP level 1. HP: 20/20 MP: 2/2
   115 | D:1      | Reached XP level 2. HP: 13/26 MP: 3/3
   778 | D:1      | Reached XP level 3. HP: 31/31 MP: 4/4
  1046 | D:2      | Reached skill level 1 in Invocations
  1089 | D:2      | Found a radiant altar of Vehumet.
  1114 | D:2      | Reached skill level 1 in Axes
  1114 | D:2      | Reached skill level 1 in Maces & Flails
  1114 | D:2      | Reached skill level 1 in Polearms
  1114 | D:2      | Reached skill level 1 in Staves
  1114 | D:2      | Reached skill level 1 in Slings
  1114 | D:2      | Reached skill level 1 in Bows
  1114 | D:2      | Reached skill level 1 in Crossbows
  1114 | D:2      | Reached skill level 1 in Throwing
  1114 | D:2      | Reached skill level 1 in Armour
  1114 | D:2      | Reached skill level 1 in Shields
  1114 | D:2      | Reached skill level 1 in Unarmed Combat
  1114 | D:2      | Reached skill level 1 in Spellcasting
  1164 | D:2      | Reached XP level 4. HP: 32/38 MP: 6/6
  1325 | D:2      | Found a sparkling altar of Nemelex Xobeh.
  1330 | D:2      | Noticed Jessica
  1340 | D:2      | Killed Jessica
  1340 | D:2      | Reached skill level 1 in Conjurations
  1340 | D:2      | Reached skill level 1 in Hexes
  1340 | D:2      | Reached skill level 1 in Charms
  1340 | D:2      | Reached skill level 1 in Summonings
  1340 | D:2      | Reached skill level 1 in Necromancy
  1340 | D:2      | Reached skill level 1 in Translocations
  1340 | D:2      | Reached skill level 1 in Transmutations
  1340 | D:2      | Reached skill level 1 in Fire Magic
  1340 | D:2      | Reached skill level 1 in Ice Magic
  1340 | D:2      | Reached skill level 1 in Air Magic
  1340 | D:2      | Reached skill level 1 in Earth Magic
  1340 | D:2      | Reached skill level 1 in Poison Magic
  1731 | D:3      | Reached XP level 5. HP: 29/43 MP: 7/7
  2014 | D:3      | Found a shattered altar of Ashenzari.
  2048 | D:3      | Found a sacrificial altar of Ru.
  2471 | D:3      | Reached XP level 6. HP: 12/50 MP: 8/8
  3111 | D:4      | Found a burning altar of Makhleb.
  3125 | D:4      | Reached skill level 5 in Fighting
  3125 | D:4      | Reached skill level 5 in Short Blades
  3125 | D:4      | Reached skill level 5 in Dodging
  3755 | D:4      | Found a staircase to the Ecumenical Temple.
  3761 | Temple   | Entered the Ecumenical Temple
  4034 | D:5      | Entered Level 5 of the Dungeon
  4108 | D:5      | Reached XP level 7. HP: 13/56 MP: 10/10
  5344 | D:5      | Reached skill level 5 in Stealth
  5359 | D:5      | Found an ancient bone altar of Kikubaaqudgha.
  5687 | D:5      | Found an iron altar of Okawaru.
  5865 | D:5      | Reached XP level 8. HP: 29/63 MP: 12/12
  6215 | D:6      | Found an opulent altar of Gozag.
  6344 | D:6      | Noticed a yak
  6345 | D:6      | Noticed a yak
  6346 | D:6      | Noticed a yak
  6347 | D:6      | Noticed a yak
  6348 | D:6      | Noticed a yak
  6349 | D:6      | Noticed a yak
  6355 | D:6      | Killed a yak
  6355 | D:6      | Killed a yak
  6355 | D:6      | Reached XP level 9. HP: 58/69 MP: 14/14
  6380 | D:6      | HP: 3/69 [yak (14)]
  6390 | D:6      | Slain by a yak

Skill      XL: |  1  2  3  4  5  6  7  8  9 |
---------------+----------------------------+-----
Invocations    | 1 2 3 4 |  4.4
Axes           | 1 2 3 4 |  4.0
Maces & Flails | 1 2 3 4 |  4.0
Polearms       | 1 2 3 4 |  4.0
Staves         | 1 2 3 4 |  4.0
Slings         | 1 2 3 4 |  4.0
Bows           | 1 2 3 4 |  4.0
Crossbows      | 1 2 3 4 |  4.0
Throwing       | 1 2 3 4 |  4.0
Armour         | 1 2 3 4 |  4.0
Shields        | 1 2 3 4 |  4.0
Unarmed Combat | 1 2 3 4 |  4.0
Spellcasting   | 1 2 3 4 |  4.0
Conjurations   | 1 2 3 |  3.3
Hexes          | 1 2 3 |  3.3
Charms         | 1 2 3 |  3.3
Summonings     | 1 2 3 |  3.3
Necromancy     | 1 2 3 |  3.3
Translocations | 1 2 3 |  3.3
Transmutations | 1 2 3 |  3.3
Fire Magic     | 1 2 3 |  3.3
Ice Magic      | 1 2 3 |  3.3
Air Magic      | 1 2 3 |  3.3
Earth Magic    | 1 2 3 |  3.3
Poison Magic   | 1 2 3 |  3.3
Long Blades    | 3 4 |  4.8
Evocations     | 3 4 |  4.8
Fighting       | 5 6 |  6.1
Short Blades   | 5 6 |  6.1
Dodging        | 5 6 |  6.1
Stealth        | 5 |  5.9

Action                   |  1- 3 |  4- 6 |  7- 9 || total
-------------------------+-------+-------+-------++-------
Melee: Falchion          |   103 |   226 |   269 ||   598
       Bite              |     8 |    31 |    32 ||    71
       Punch             |       |     2 |     5 ||     7
Evoke: Wand              |       |     2 |     4 ||     6
  Use: Potion            |       |       |     1 ||     1
 Stab: Sleeping          |     8 |     4 |     3 ||    15
       Distracted        |       |     1 |     2 ||     3
  Eat: Chunk             |     1 |     5 |     9 ||    15
       Ration            |       |     1 |       ||     1
Armor: Robe              |    14 |    34 |       ||    48
       Leather armour    |       |    15 |    11 ||    26
       Scale mail        |       |       |   106 ||   106
Dodge: Dodged            |    76 |   199 |   186 ||   461
       Rpst.: Falchion   |    20 |    59 |    50 ||   129
